 Dungeon Crawl Stone Soup version 0.30-a0-313-gae38170 (webtiles) character file.

Game seed: 12996734170798111826

114091 Sixotanaka the Thaumaturge (level 16, -9/127 HPs)
             Began as a Gnoll Warper on Oct 26, 2022.
             Was the Champion of Okawaru.
             Mangled by a bunyip (45 damage)
             ... called by a spriggan druid
             ... on level 3 of the Swamp.
             The game lasted 01:37:02 (31242 turns).

Sixotanaka the Thaumaturge (Gnoll Warper)          Turns: 31242, Time: 01:37:02

Health: -9/127     AC: 19    Str: 27    XL:     16   Next: 65%
Magic:  24/32      EV: 22    Int: 14    God:    Okawaru [******]
Gold:   2564       SH: 18    Dex: 17    Spells: 12/39 levels left

rFire   . . .      SeeInvis .    a - +11 short sword of Vexiogre {flame, rElec rN+ Str+4 Dex+4}
rCold   + + .      Faith    .    x - +1 kite shield of the Healing Gods {Drain Str+7}
rNeg    + . .      Spirit   .    G - +1 chain mail {rPois}
rPois   +          Reflect  +    j - +2 hat of Shrieking Birdsong {Rampage +Blink Fly rC++}
rElec   +          Harm     .    g - +0 cloak {Stlth+}
rCorr   .          Rampage  +    L - +1 pair of gloves of Fortification {Slay+3}
Will    +....                    (no boots)
Stlth   +++.......               K - amulet of reflection
HPRegen 0.41/turn                q - +4 ring of evasion
MPRegen 0.23/turn                n - +4 ring of evasion

@: flying, very slightly contaminated
A: fangs 1, strong nose, distributed training
a: Renounce Religion, Evoke Blink, Heroism, Finesse, Duel


You were on level 3 of the Swamp.
You worshipped Okawaru.
Okawaru was exalted by your worship.
You visited 4 branches of the dungeon, and saw 24 of its levels.
You also visited: Gauntlet.

You collected 2976 gold pieces.
You spent 412 gold pieces at shops.

Inventory:

Hand Weapons
 a - the +11 short sword of Vexiogre (weapon) {flame, rElec rN+ Str+4 Dex+4}
   (You found it on level 1 of the Lair of Beasts)

   It burns those it strikes, dealing additional fire damage.
   Str:       It affects your strength (+4).
   Dex:       It affects your dexterity (+4).
   rElec:     It insulates you from electricity.
   rN:        It protects you from negative energy.
 b - a +3 long sword of holy wrath
 A - a -2 vampiric quick blade
Missiles
 f - 7 silver javelins
 w - 23 boomerangs (quivered)
 z - 10 atropa-tipped darts
 F - 5 curare-tipped darts
 Q - 23 poisoned darts
 V - 3 silver boomerangs
Armour
 g - a +0 cloak of stealth (worn)
 j - the +2 hat of Shrieking Birdsong (worn) {Rampage +Blink Fly rC++}
   (Okawaru gifted it to you on level 10 of the Dungeon)

   rC:        It greatly protects you from cold.
   Fly:       It grants you flight.
   +Blink:    It lets you blink.
   Rampage:   It bestows one free step when moving towards enemies.
 x - the +1 kite shield of the Healing Gods (worn) {Drain Str+7}
   (Okawaru gifted it to you on level 15 of the Dungeon)

   Str:       It affects your strength (+7).
   Drain:     It drains your maximum health when unequipped.
 G - a +1 chain mail of poison resistance (worn)
 L - the +1 pair of gloves of Fortification (worn) {Slay+3}
   (You acquired it on level 13 of the Dungeon)

   Slay:      It affects your accuracy & damage with ranged weapons and melee
   (+3).
 U - the +3 chain mail of Sohilo {rElec Int+2}
   (Okawaru gifted it to you on level 11 of the Dungeon)

   Int:       It affects your intelligence (+2).
   rElec:     It insulates you from electricity.
Jewellery
 k - a ring of protection from fire
 n - a +4 ring of evasion (right hand)
 q - a +4 ring of evasion (left hand)
 B - a ring of resist corrosion
 E - a ring of see invisible
 K - an amulet of reflection (around neck)
 M - a ring of positive energy
 X - the ring "Myssoqua" {+Blink rC+ Str-2 Int+9}
   (You found it on level 9 of the Dungeon)

   [ring of protection from cold]

   Str:       It affects your strength (-2).
   Int:       It affects your intelligence (+9).
   rC:        It protects you from cold.
   +Blink:    It lets you blink.
Wands
 C - a wand of paralysis (3)
 I - a wand of flame (12)
 O - a wand of mindburst (13)
 Z - a wand of light (1)
Scrolls
 c - 2 scrolls of blinking
 e - a scroll of silence
 m - 4 scrolls of amnesia
 o - 2 scrolls of enchant armour
 r - a scroll of magic mapping
 u - 6 scrolls of butterflies
 v - a scroll of summoning
 P - 8 scrolls of teleportation
 R - 5 scrolls of identify
 S - 3 scrolls of enchant weapon
 Y - 6 scrolls of fear
Potions
 d - 6 potions of brilliance
 h - 5 potions of curing
 i - a potion of berserk rage
 l - 7 potions of magic
 p - a potion of flight
 s - a potion of resistance
 t - 5 potions of lignification
 y - 5 potions of haste
 H - 3 potions of invisibility
 J - 8 potions of attraction
 N - 3 potions of mutation
 W - 2 potions of might
Miscellaneous
 D - a lightning rod (4/4)
 T - a tin of tremorstones (2/2)


   Skills:
 + Level 12.3 Fighting
 + Level 11.4 Short Blades
 + Level 11.4 Long Blades
 + Level 11.4 Axes
 + Level 11.4 Maces & Flails
 + Level 12.3 Polearms
 + Level 11.4 Staves
 + Level 11.4 Ranged Weapons
 + Level 11.7 Throwing
 + Level 11.7 Armour
 + Level 12.3 Dodging
 + Level 11.4 Stealth
 + Level 11.4 Shields
 + Level 11.4 Unarmed Combat
 + Level 12.4 Spellcasting
 + Level 9.6 Conjurations
 + Level 9.6 Hexes
 + Level 9.6 Summonings
 + Level 9.6 Necromancy
 + Level 11.1 Translocations
 + Level 9.6 Transmutations
 + Level 9.6 Fire Magic
 + Level 9.6 Ice Magic
 + Level 9.6 Air Magic
 + Level 9.6 Earth Magic
 + Level 9.6 Poison Magic
 + Level 12.4 Invocations
 + Level 11.4 Evocations


You had 12 spell levels left.
You knew the following spells:

 Your Spells              Type           Power      Damage    Failure   Level
a - Blink                 Tloc           78%        N/A       1%          2
b - Poisonous Vapours     Pois/Air       70%        N/A       1%          2
c - Ensorcelled Hibernat  Hex/Ice        70%        N/A       1%          2
d - Swiftness             Air            35%        N/A       4%          3
e - Mephitic Cloud        Conj/Pois/Air  35%        N/A       4%          3
f - Stone Arrow           Conj/Erth      70%        3d11      4%          3
g - Sticky Flame          Conj/Fire      35%        2d5       14%         4
h - Flame Wave            Conj/Fire      35%        2d10      14%         4
i - Olgreb's Toxic Radia  Pois           35%        N/A       14%         4

Your spell library contained the following spells:

 Spells                   Type           Power      Damage    Failure   Level
 Apportation              Tloc           78%        N/A       1%          1
 Necrotise                Necr           100%       1d9       1%          1
 Sting                    Tmut/Pois      100%       1d8       1%          1
 Cigotuvi's Dreadful Rot  Necr/Pois/Air  70%        N/A       1%          2
 Passwall                 Tmut/Erth      29%        N/A       1%          2
 Scorch                   Fire           70%        2d9       1%          2
 Gell's Gravitas          Tloc           39%        N/A       2%          3
 Lesser Beckoning         Tloc           78%        N/A       2%          3
 Teleport Other           Tloc           39%        N/A       2%          3
 Portal Projectile        Hex/Tloc       74%        N/A       3%          3
 Vhi's Electric Charge    Tloc/Air       74%        N/A       3%          3
 Frozen Ramparts          Ice            70%        1d11      4%          3
 Ignite Poison            Fire/Tmut/Pois 35%        N/A       4%          3
 Inner Flame              Hex/Fire       35%        N/A       4%          3
 Vampiric Draining        Necr           35%        2d8       4%          3
 Manifold Assault         Tloc           39%        N/A       8%          4
 Anguish                  Hex/Necr       17%        N/A       14%         4
 Ice Form                 Ice/Tmut       35%        N/A       14%         4
 Leda's Liquefaction      Hex/Erth       17%        N/A       14%         4
 Petrify                  Tmut/Erth      35%        N/A       14%         4
 Agony                    Necr           35%        N/A       36%         5
 Alistair's Intoxication  Tmut/Pois      23%        N/A       36%         5
 Borgnjor's Vile Clutch   Necr/Erth      17%        N/A       36%         5
 Fireball                 Conj/Fire      17%        3d9       36%         5
 Metabolic Englaciation   Hex/Ice        17%        N/A       36%         5
 Dispersal                Tloc           19%        N/A       75%         6
 Eringya's Noxious Bog    Tmut/Pois      17%        N/A       91%         6
 Starburst                Conj/Fire      17%        6d6       91%         6
 Statue Form              Tmut/Erth      23%        N/A       91%         6
 Lehudib's Crystal Spear  Conj/Erth      17%        10d5      100%        8
 Fire Storm               Conj/Fire      17%        8d5       100%        9
 Summon Small Mammal      Summ           Unusable   N/A       N/A         1
 Call Canine Familiar     Summ           Unusable   N/A       N/A         3
 Animate Armour           Summ/Erth      Unusable   N/A       N/A         4
 Summon Ice Beast         Ice/Summ       Unusable   N/A       N/A         4
 Summon Cactus Giant      Summ           Unusable   N/A       N/A         6

Dungeon Overview and Level Annotations

Branches:
Dungeon (15/15)            Temple (1/1) D:5            Lair (5/5) D:9
  Swamp (3/4) Lair:2        Snake (0/4) Lair:2        Slime (0/5) Lair:4
    Orc (0/2) D:11         Vaults (0/5) D:13         Depths (0/4) D:15
Gauntlet (visited)

Altars:
Ashenzari
Cheibriados
Dithmenos
Elyvilon
Fedhas
Gozag
Hepliaklqana
Kikubaaqudgha
Makhleb
Nemelex Xobeh
Okawaru
Qazlal
Ru
Sif Muna
Trog
Uskayaw
Vehumet
Wu Jian
Xom
Yredelemnul
Zin
The Shining One
Jiyva
Lugonu

Shops:
D:4 *   D:9 **   D:13 [

Portals:
Abyss: Lair:5
Trove: D:12 (show slimy rune of Zot)

Annotations:
D:4 1 runed translucent door, Wizard1ke's ghost, amateur FoWn


Innate Abilities, Weirdness & Mutations

You have very sharp teeth.
Your uncanny sense of smell can sniff out nearby items.
Your experience applies equally to all skills.


Message History

The seven-headed hydra completely misses you.
The seven-headed hydra bites you!
You block the seven-headed hydra's attack.
The bunyip gives a hideous shriek!
You puncture the seven-headed hydra! You burn the seven-headed hydra.
Your bite misses the seven-headed hydra.
The seven-headed hydra is moderately wounded.
The tyrant leech looks even sicker.
The eleionoma looks even sicker.
You block the eleionoma's attack.
Unknown command.
You barely miss the seven-headed hydra. You bite the seven-headed hydra.
The seven-headed hydra is moderately wounded.
Your toxic aura wanes.
You block the seven-headed hydra's attack.
The seven-headed hydra bites you.
The seven-headed hydra bites you but does no damage. x2
The seven-headed hydra misses you.
You block the seven-headed hydra's attack.
The seven-headed hydra closely misses you.
You puncture the seven-headed hydra! You burn the seven-headed hydra.
Your bite misses the seven-headed hydra.
The seven-headed hydra is heavily wounded.
The eleionoma splashes around in the water.
Unknown command.
Okay, then.
Casting: Olgreb's Toxic Radiance (dangerous; 14% risk of failure)
Confirm with . or Enter, or press ? or * to list all spells.
You blink.
The bunyip attacks as you move away! You block the bunyip's attack.
The bunyip barely misses you. The bunyip claws you!
You feel stable enough to blink again.
The eleionoma flows through the trees.
The bunyip howls a warning cry!
You hear a shout!
The eleionoma hurls a spray of splinters at you.
The spray of wooden splinters hits you!!
* * * LOW HITPOINT WARNING * * *
A six-headed hydra comes into view.
The bunyip attacks as you move away! The bunyip claws you!!!
You die...

##.♣♣~.....♣♣♣♣♣≈♣~..~~♣
..♣.♣♣.♣♣~..♣ ♣♣♣♣~♣~♣♣
.♣♣ ♣>..~D~~~♣♣ ♣...♣♣
..~~.)~~~~.♣♣ ♣♣~>♣
♣~~♣~.§~.~x.w♣♣ ♣♣.♣♣
♣.~~...~...~~.♣♣ ♣♣.♣
♣.~~.~.~.~~~~.D♣♣♣♣..♣
~~.~~~~♣~..xR~...♣♣♣
~~...~.~~~..@~§♣♣♣
~~~~....§...<♣~.♣
~~~.♣♣♣.~...~~♣♣
♣♣~...~~.~~~♣♣
~~♣.♣~.♣<~♣ ♣~~~~.~.♣♣
~~.♣~.~§~♣ ~~..~.~..♣
.♣♣~~.♣.♣♣


You could see 2 bunyips, an eleionoma (poisoned), a seven-headed hydra, a
six-headed hydra (wandering) and a tyrant leech (strong, very poisoned).

Vanquished Creatures
  A tentacled monstrosity (Swamp:2)
  Jorgrun (D:15)
  Kirke (Lair:5)
  A dire elephant (D:15)
  A minotaur (Gauntlet)
  5 bunyips
  The ghost of bobfrom10 the Eclecticist, a journeyman DESu of Sif Muna (Lair:2)
  5 vault guards
  A rakshasa (D:15)
  9 hydras
  8 centaur warriors
  A catoblepas (Lair:1)
  4 boulder beetles
  2 tengu warriors (D:14)
  7 alligators
  4 two-headed ogres
  6 death yaks
  3 thrashing horrors (Lair:5)
  Sonja (Lair:5)
  4 goliath frogs
  A fire crab (shapeshifter) (Gauntlet)
  4 skeletal warriors (D:14)
  2 spriggan druids
  A swamp dragon (Swamp:1)
  6 bog bodies
  3 orc knights
  4 deep elf pyromancers
  A mana viper (shapeshifter) (Gauntlet)
  3 ugly things
  7 cyclopes
  2 orc sorcerers (D:13)
  6 manticores
  6 will-o-the-wisps
  17 elephants
  A smoke demon (Lair:5)
  A torpor snail (Lair:2)
  A black mamba (shapeshifter) (D:7)
  3 black mambas
  A rime drake (Lair:5)
  A gargoyle (D:12)
  10 cane toads
  A cane toad (shapeshifter) (Lair:5)
  An unseen horror (D:11)
  Maggie (D:6)
  2 efreet
  4 kobold demonologists
  An unseen horror (shapeshifter) (Lair:5)
  A tengu conjurer (D:14)
  3 komodo dragons
  3 ancient zymes (Lair:5)
  3 polar bears
  2 trolls (D:11)
  3 large abominations (Lair:5)
  3 hornets
  4 tyrant leeches
  Grinder (D:6)
  A raiju (Gauntlet)
  21 slime creatures
  30 blink frogs
  4 flying skulls (Gauntlet)
  5 spriggans (Swamp:2)
  2 vampires
  2 spriggans (shapeshifter)
  4 wyverns
  2 ynoxinuls (Lair:5)
  4 wraiths
  22 yaks
  2 hogs (Lair:5)
  A human (Lair:5)
  4 water elementals (D:11)
  3 basilisks (Lair:5)
  5 steam dragons
  14 vampire mosquitoes
  Menkaure (D:7)
  A redback (shapeshifter) (Lair:5)
  A warg (D:15)
  3 nagas (Lair:2)
  10 swamp worms
  13 water moccasins
  A swamp drake (Swamp:2)
  15 orc warriors
  3 ice beasts
  2 sky beasts
  A sky beast (shapeshifter) (Gauntlet)
  4 black bears
  5 wolves
  3 boggarts (D:12)
  An ogre (D:15)
  24 centaurs
  9 bullfrogs
  5 kobold brigands
  A necrophage (D:5)
  4 gnoll sergeants
  6 scorpions
  19 wights
  A hornet simulacrum (D:8)
  15 killer bees
  9 howler monkeys
  3 electric eels (D:8)
  A wyvern simulacrum (D:8)
  3 jellies
  2 hounds (D:6)
  9 orc priests
  12 small abominations (Lair:5)
  6 iguanas
  6 hell rats
  12 orc wizards
  2 centaur simulacra
  18 gnolls
  2 shadow imps
  3 white imps (D:8)
  4 ufetubi
  2 worms
  3 dart slugs
  53 orcs
  4 ball pythons
  5 bats
  9 endoplasms
  2 giant cockroaches
  13 goblins
  15 hobgoblins
  2 quokkas
  A quokka (shapeshifter) (Gauntlet)
  3 frilled lizards
  21 kobolds
  6 rats
685 creatures vanquished.

Vanquished Creatures (others)
  A wizard (D:9)
  A bloated husk (Swamp:1)
  An ufetubus (D:8)
  37 demonic plants (Gauntlet)
  20 foxfires
  16 fungi
  15 plants
91 creatures vanquished.

Grand Total: 776 creatures vanquished

Notes
Turn   | Place    | Note
-------+----------+-------------------------------------------
     0 | D:1      | Sixotanaka the Gnoll Warper began the quest for the Orb.
     0 | D:1      | Reached XP level 1. HP: 20/20 MP: 6/6
   234 | D:1      | Reached XP level 2. HP: 26/26 MP: 7/7
   242 | D:1      | Found a faded altar of an unknown god.
  1069 | D:2      | Reached skill level 5 in Spellcasting
  1069 | D:2      | Reached XP level 3. HP: 31/31 MP: 7/9
  1498 | D:2      | Reached skill level 1 in Short Blades
  1498 | D:2      | Reached skill level 1 in Long Blades
  1498 | D:2      | Reached skill level 1 in Axes
  1498 | D:2      | Reached skill level 1 in Maces & Flails
  1498 | D:2      | Reached skill level 1 in Staves
  1498 | D:2      | Reached skill level 1 in Ranged Weapons
  1498 | D:2      | Reached skill level 1 in Stealth
  1498 | D:2      | Reached skill level 1 in Shields
  1498 | D:2      | Reached skill level 1 in Unarmed Combat
  1498 | D:2      | Reached skill level 1 in Invocations
  1498 | D:2      | Reached skill level 1 in Evocations
  1558 | D:2      | Reached XP level 4. HP: 38/38 MP: 11/11
  2443 | D:3      | Reached skill level 1 in Conjurations
  2443 | D:3      | Reached skill level 1 in Hexes
  2443 | D:3      | Reached skill level 1 in Summonings
  2443 | D:3      | Reached skill level 1 in Necromancy
  2443 | D:3      | Reached skill level 1 in Transmutations
  2443 | D:3      | Reached skill level 1 in Fire Magic
  2443 | D:3      | Reached skill level 1 in Ice Magic
  2443 | D:3      | Reached skill level 1 in Air Magic
  2443 | D:3      | Reached skill level 1 in Earth Magic
  2443 | D:3      | Reached skill level 1 in Poison Magic
  2580 | D:3      | Learned a level 2 spell: Blink
  2667 | D:3      | Noticed a +0 hand axe
  2667 | D:3      | Noticed a +0 hand axe
  2668 | D:3      | Found a hide-covered altar of Uskayaw.
  3165 | D:3      | Reached XP level 5. HP: 43/43 MP: 12/12
  3263 | D:4      | Identified the +5 short sword of Domination {flame, Contam
                  | rF- Will+++ SInv}
  3271 | D:4      | Found an ancient bone altar of Kikubaaqudgha.
  3289 | D:4      | Found Zyamuxo's Lightly-Used Armoury.
  3306 | D:4      | Bought a -2 quick blade for 50 gold pieces
  3308 | D:4      | Found an ornate altar of the Wu Jian Council.
  3442 | D:4      | Found a runed translucent door.
  3443 | D:4      | Noticed an ice beast
  3447 | D:4      | Noticed Wizard1ke's ghost (amateur FoWn)
  3465 | D:4      | Killed an ice beast
  3466 | D:4      | Reached XP level 6. HP: 22/50 MP: 13/13
  3881 | D:4      | Reached skill level 5 in Fighting
  3881 | D:4      | Reached skill level 5 in Polearms
  3881 | D:4      | Reached skill level 5 in Dodging
  4091 | D:5      | Entered Level 5 of the Dungeon
  4300 | D:5      | Reached XP level 7. HP: 56/56 MP: 15/15
  4449 | D:5      | Identified the +11 short sword of Fedhas's Pride {flame,
                  | rElec rC- MP+9}
  4522 | D:5      | Found a staircase to the Ecumenical Temple.
  4540 | Temple   | Entered the Ecumenical Temple
  4617 | Temple   | Became a worshipper of Warmaster Okawaru
  4700 | D:5      | Noticed a steam dragon
  4719 | D:5      | Killed a steam dragon
  4720 | D:5      | Reached XP level 8. HP: 43/63 MP: 16/16
  5004 | D:5      | Found a burning altar of Makhleb.
  5069 | D:6      | Noticed Grinder
  5077 | D:6      | Killed Grinder
  5077 | D:6      | Reached * piety under Okawaru
  5152 | D:6      | Noticed Maggie
  5163 | D:6      | Killed Maggie
  5290 | D:6      | Reached ** piety under Okawaru
  5337 | D:6      | Reached XP level 9. HP: 46/69 MP: 18/18
  5990 | D:6      | Reached skill level 5 in Throwing
  5990 | D:6      | Reached skill level 5 in Armour
  6752 | D:7      | Found a sparkling altar of Nemelex Xobeh.
  7019 | D:7      | Noticed Menkaure
  7026 | D:7      | Killed Menkaure
  7073 | D:7      | Reached skill level 5 in Invocations
  7098 | D:7      | Found a shimmering altar of Xom.
  7099 | D:7      | Found a hazy altar of Hepliaklqana.
  7100 | D:7      | Noticed a spectral ugly thing
  7233 | D:7      | Reached *** piety under Okawaru
  7272 | D:7      | Reached skill level 5 in Short Blades
  7272 | D:7      | Reached skill level 5 in Long Blades
  7272 | D:7      | Reached skill level 5 in Axes
  7272 | D:7      | Reached skill level 5 in Maces & Flails
  7272 | D:7      | Reached skill level 5 in Staves
  7272 | D:7      | Reached skill level 5 in Ranged Weapons
  7272 | D:7      | Reached skill level 5 in Stealth
  7272 | D:7      | Reached skill level 5 in Shields
  7272 | D:7      | Reached skill level 5 in Unarmed Combat
  7272 | D:7      | Reached skill level 5 in Evocations
  7272 | D:7      | Reached XP level 10. HP: 77/77 MP: 20/20
  7281 | D:7      | Noticed a black mamba
  7292 | D:7      | Killed a black mamba
  7600 | D:7      | Learned a level 2 spell: Poisonous Vapours
  7603 | D:7      | Learned a level 2 spell: Ensorcelled Hibernation
  8265 | D:8      | Reached **** piety under Okawaru
  8276 | D:8      | Found a snail-covered altar of Cheibriados.
  9115 | D:8      | Reached ***** piety under Okawaru
  9289 | D:8      | Reached skill level 5 in Conjurations
  9289 | D:8      | Reached skill level 5 in Hexes
  9289 | D:8      | Reached skill level 5 in Summonings
  9289 | D:8      | Reached skill level 5 in Necromancy
  9289 | D:8      | Reached skill level 5 in Transmutations
  9289 | D:8      | Reached skill level 5 in Fire Magic
  9289 | D:8      | Reached skill level 5 in Ice Magic
  9289 | D:8      | Reached skill level 5 in Air Magic
  9289 | D:8      | Reached skill level 5 in Earth Magic
  9289 | D:8      | Reached skill level 5 in Poison Magic
  9449 | D:9      | Reached XP level 11. HP: 85/85 MP: 22/22
  9531 | D:9      | Found Keor's Overcharged Wands.
  9534 | D:9      | Found a staircase to the Lair.
  9597 | D:9      | Found a shadowy altar of Dithmenos.
  9603 | D:9      | Identified the +1 pair of gloves of Intuition {Fly rCorr
                  | Int+2 Slay-4} (Okawaru gifted it to you on level 9 of the
                  | Dungeon)
  9603 | D:9      | Received a gift from Okawaru
  9812 | D:9      | Found a bloodstained altar of Trog.
  9814 | D:9      | Noticed a wizard
  9818 | D:9      | Killed a wizard
  9867 | D:9      | Noticed a cyclops
  9946 | D:9      | Killed a cyclops
  9985 | D:9      | Identified the ring "Myssoqua" {+Blink rC+ Str-2 Int+9}
 10110 | D:9      | Found Canogg's Assorted Antiques.
 10119 | D:9      | Bought a scroll of identify for 50 gold pieces
 10119 | D:9      | Bought a scroll of identify for 50 gold pieces
 10119 | D:9      | Bought a potion of curing for 75 gold pieces
 10119 | D:9      | Bought a scroll of blinking for 187 gold pieces
 10138 | D:9      | Found a broken altar of Ashenzari.
 10148 | D:9      | Found a basalt altar of Yredelemnul.
 10478 | D:9      | Found a radiant altar of Vehumet.
 10543 | D:10     | Entered Level 10 of the Dungeon
 10985 | D:10     | Noticed a two-headed ogre
 11002 | D:10     | Killed a two-headed ogre
 11195 | D:10     | Noticed an orc knight
 11207 | D:10     | Killed an orc knight
 11207 | D:10     | Identified the +2 hat of Shrieking Birdsong {Rampage +Blink
                  | Fly rC++} (Okawaru gifted it to you on level 10 of the
                  | Dungeon)
 11207 | D:10     | Received a gift from Okawaru
 11208 | D:10     | Reached XP level 12. HP: 94/94 MP: 24/24
 11311 | D:11     | You are sucked into a shaft and drop 1 floor!
 11377 | D:11     | Found a gate leading to a gauntlet.
 11383 | Gauntlet | Entered a Gauntlet
 11383 | Gauntlet | Found a transporter.
 11383 | Gauntlet | Found a transporter.
 11383 | Gauntlet | Found a transporter.
 11384 | Gauntlet | Found a transporter.
 11387 | Gauntlet | Found a transporter.
 11387 | Gauntlet | Found a transporter.
 11389 | Gauntlet | Found a large runed translucent door.
 11390 | Gauntlet | Found a large runed translucent door.
 11391 | Gauntlet | Found a large runed translucent door.
 11391 | Gauntlet | Found a large runed translucent door.
 11391 | Gauntlet | Found a runed translucent door.
 11392 | Gauntlet | Found a large runed translucent door.
 11393 | Gauntlet | Found a large runed translucent door.
 11394 | Gauntlet | Found a large runed translucent door.
 11394 | Gauntlet | Found a large runed translucent door.
 11395 | Gauntlet | Found a runed translucent gate.
 11397 | Gauntlet | Found a runed translucent gate.
 11397 | Gauntlet | Found a transporter.
 11398 | Gauntlet | Found a runed translucent door.
 11398 | Gauntlet | Found a runed translucent gate.
 11401 | Gauntlet | Found a transporter.
 11402 | Gauntlet | Found a transporter.
 11402 | Gauntlet | Found a transporter.
 11411 | Gauntlet | Found a transporter.
 11414 | Gauntlet | Found a transporter.
 11504 | Gauntlet | Found a large runed translucent door.
 11505 | Gauntlet | Found a large runed translucent door.
 11506 | Gauntlet | Found a large runed translucent door.
 11506 | Gauntlet | Found a large runed translucent door.
 11507 | Gauntlet | Found a large runed translucent door.
 11508 | Gauntlet | Found a large runed translucent door.
 11509 | Gauntlet | Found a large runed translucent door.
 11509 | Gauntlet | Found a large runed translucent door.
 11518 | Gauntlet | Noticed an entropy weaver
 11519 | Gauntlet | an entropy weaver changed into a rime drake
 11638 | Gauntlet | Learned a level 3 spell: Swiftness
 11642 | Gauntlet | Learned a level 3 spell: Mephitic Cloud
 11762 | Gauntlet | Identified the +0 scale mail of the Garden {rC+ Int+4
                  | Dex+2}
 11815 | Gauntlet | a fire crab changed into an entropy weaver
 11815 | Gauntlet | Noticed an entropy weaver (shapeshifter)
 11816 | Gauntlet | an entropy weaver changed into something unseen
 11838 | Gauntlet | HP: 4/94 [something (11)]
 11839 | Gauntlet | HP: 1/94 [something (12)]
 12129 | Gauntlet | Identified the +1 helmet of the Snake Pit {Harm Str+4 Int+3
                  | Slay+2}
 12169 | Gauntlet | Noticed a minotaur
 12446 | Gauntlet | Killed a minotaur
 12712 | Gauntlet | Got the Tome of the Burning Figure
 12724 | D:11     | Learned a level 3 spell: Stone Arrow
 12961 | D:11     | Noticed a centaur warrior
 12970 | D:11     | Killed a centaur warrior
 13105 | D:11     | Noticed a two-headed ogre
 13122 | D:11     | Killed a two-headed ogre
 13250 | D:11     | Found a staircase to the Orcish Mines.
 13308 | Lair:1   | Entered Level 1 of the Lair of Beasts
 13430 | Lair:1   | Noticed a catoblepas
 13462 | Lair:1   | Killed a catoblepas
 13704 | Lair:1   | Learned a level 4 spell: Sticky Flame
 13761 | Lair:1   | Identified the +11 short sword of Vexiogre {flame, rElec
                  | rN+ Str+4 Dex+4}
 14273 | Lair:2   | Found a transporter.
 14339 | Lair:2   | Noticed a seven-headed hydra
 14419 | Lair:2   | Noticed a boulder beetle
 14452 | Lair:2   | Killed a boulder beetle
 14683 | Lair:2   | Found a transporter.
 14684 | Lair:2   | Noticed bobfrom10's ghost (journeyman DESu)
 14855 | Lair:2   | Found a staircase to the Swamp.
 15047 | Lair:2   | Noticed a seven-headed hydra
 15053 | Lair:2   | Killed a seven-headed hydra
 15058 | Lair:2   | Found a staircase to the Snake Pit.
 15076 | Lair:2   | Reached XP level 13. HP: 93/101 MP: 26/26
 15220 | Lair:2   | Identified the +0 hat of Polytheism {rCorr Int+2} (Okawaru
                  | gifted it to you on level 2 of the Lair of Beasts)
 15220 | Lair:2   | Received a gift from Okawaru
 16080 | Lair:3   | Reached skill level 10 in Spellcasting
 17136 | Lair:4   | Reached skill level 10 in Fighting
 17136 | Lair:4   | Reached skill level 10 in Polearms
 17136 | Lair:4   | Reached skill level 10 in Dodging
 17331 | Lair:4   | Found a viscous altar of Jiyva.
 17331 | Lair:4   | Found a staircase to the Slime Pits.
 17443 | Lair:4   | Received a gift from Okawaru
 17987 | Lair:5   | Entered Level 5 of the Lair of Beasts
 18124 | Lair:5   | Received a gift from Okawaru
 18299 | Lair:5   | Noticed Kirke
 18313 | Lair:5   | Noticed a sphinx
 18326 | Lair:5   | Killed Kirke
 18326 | Lair:5   | Received a gift from Okawaru
 18327 | Lair:5   | Reached skill level 10 in Invocations
 18327 | Lair:5   | Reached XP level 14. HP: 110/110 MP: 17/28
 18932 | Lair:5   | Reached ****** piety under Okawaru
 18958 | Lair:5   | Received a gift from Okawaru
 18959 | Lair:5   | Found the +5 sword of Power {vorpal}
 19214 | Lair:5   | Learned a level 4 spell: Flame Wave
 19337 | Lair:5   | Identified the +3 falchion of Rasaic {flame, rN+ MP-9 SInv}
 19410 | Lair:5   | Noticed Sonja
 19413 | Lair:5   | Noticed an emperor scorpion
 19429 | Lair:5   | Killed Sonja
 19438 | Lair:5   | Found a corrupted altar of Lugonu.
 19438 | Lair:5   | Found a one-way gate to the infinite horrors of the Abyss.
 19938 | Lair:5   | Received a gift from Okawaru
 19998 | Lair:5   | Reached skill level 10 in Throwing
 19998 | Lair:5   | Reached skill level 10 in Armour
 20345 | Lair:5   | Got the Parchment of Ignition and Interference
 20794 | D:11     | Learned a level 4 spell: Olgreb's Toxic Radiance
 21238 | D:11     | Reached skill level 10 in Translocations
 21492 | D:11     | Identified the +3 chain mail of Sohilo {rElec Int+2}
                  | (Okawaru gifted it to you on level 11 of the Dungeon)
 21492 | D:11     | Received a gift from Okawaru
 21776 | D:12     | Reached skill level 10 in Short Blades
 21776 | D:12     | Reached skill level 10 in Long Blades
 21776 | D:12     | Reached skill level 10 in Axes
 21776 | D:12     | Reached skill level 10 in Maces & Flails
 21776 | D:12     | Reached skill level 10 in Staves
 21776 | D:12     | Reached skill level 10 in Ranged Weapons
 21776 | D:12     | Reached skill level 10 in Stealth
 21776 | D:12     | Reached skill level 10 in Shields
 21776 | D:12     | Reached skill level 10 in Unarmed Combat
 21776 | D:12     | Reached skill level 10 in Evocations
 21880 | D:12     | Found a portal to a secret trove of treasure.
 22106 | D:12     | Reached XP level 15. HP: 118/118 MP: 30/30
 22525 | D:12     | Found a stormy altar of Qazlal.
 23249 | D:13     | Found Getidwot's Antique Armour Shop.
 24151 | D:13     | Identified 2 scrolls of acquirement
 24153 | D:13     | Acquired 908 gold pieces
 24156 | D:13     | Acquired the +1 pair of gloves of Fortification {Slay+3}
 24525 | D:13     | Found a gate to the Vaults.
 25187 | D:14     | Received a gift from Okawaru
 25995 | D:14     | Identified the +0 cloak of the Tuna {Harm}
 26284 | D:15     | Entered Level 15 of the Dungeon
 26535 | D:15     | Identified the +1 kite shield of the Healing Gods {Drain
                  | Str+7} (Okawaru gifted it to you on level 15 of the
                  | Dungeon)
 26535 | D:15     | Received a gift from Okawaru
 27302 | D:15     | Found a staircase to the Depths.
 27608 | D:15     | Noticed Jorgrun
 27631 | D:15     | Killed Jorgrun
 27964 | Swamp:1  | Entered Level 1 of the Swamp
 27966 | Swamp:1  | Reached XP level 16. HP: 127/127 MP: 30/32
 28916 | Lair:2   | Killed bobfrom10's ghost
 29718 | Swamp:2  | Received a gift from Okawaru
 30221 | Swamp:1  | Received a gift from Okawaru
 30574 | Swamp:2  | Noticed a tentacled monstrosity
 30606 | Swamp:2  | Killed a tentacled monstrosity
 31242 | Swamp:3  | Mangled by a bunyip

Illustrated notes

Levels and vault maps discovered:
D:1:      psy_arrival_terrarium, layout_loops_corners,
          dreamdust_ecumenical_altar_hidden_monk_grotto
D:2:      layout_basic
D:3:      wander_river, layout_loops_cross, dancing_weapons_uskayaw
D:4:      layout_loops_cross, kennysheep_mini, mainiacjoe_overflow_paths,
          ebering_ghost_reflecting_pool, minmay_shop_damaged, st_stairs_9
D:5:      layout_rooms, mainiacjoe_overflow_alcove_4,
          minmay_temple_entry_offerings, minmay_increasing_density
D:6:      layout_basic, patterned_corridor, uniq_grinder, uniq_maggie
D:7:      nzn_winding_woodlands_medium [nzn_winding_woodlands_5x5_checkerboard,
          nzn_winding_woodlands_5x15_split_checker,
          nzn_winding_woodlands_5x5_default, nzn_winding_woodlands_5x5_cross,
          nzn_winding_woodlands_center_diamonds,
          nzn_winding_woodlands_5x5_open_star,
          nzn_winding_woodlands_5x5_default, nzn_winding_woodlands_5x15_crooked,
          nzn_winding_woodlands_5x5_perimeter], layout_cave_pods,
          regret_index_temple_of_mockery, nemelex_xobeh_ov_fountains_minmay,
          enter_bailey_3, uniq_menkaure
D:8:      layout_basic, mainiacjoe_overflow_24_doors, serial_ice, serial_ice_g,
          serial_ice_j, serial_ice_m, serial_ice_e, serial_ice_n, serial_ice_f
D:9:      minmay_clustersquares, layout_rooms, marbit_many_paths,
          nicolae_dithmenos_through_a_glass_darkly,
          mainiacjoe_overflow_big_doors, trog_wizard, lair_entry_dummy,
          serial_shops, shop, nicolae_shop_overcharged_wands
D:10:     cheibrodos_orc_bank, layout_rooms, grunt_ministairs_3
D:11:     nicolae_hexawheel, layout_long_grid, gauntlet_entry_generic,
          nicolae_underground_beach
D:12:     layout_layer_cave, enter_trove_5, grunt_qazlal_sundering
D:13:     layout_roguey, grunt_vaults_entry_fortified, serial_shops,
          nicolae_take_the_stairs
D:14:     layout_roguey, chequers_garden, minmay_liquid_box, st_stairs_12
D:15:     hangedman_depths_entry_try_elsewhere_first, layout_loops_ring,
          minmay_misc_feat_ornament, uniq_jorgrun
Temple:   kb_temple_of_zot
Lair:1:   layout_chaotic_city, serial_bayou_shore_b, grunt_megastairs_3
Lair:2:   layout_gridlike, minmay_swamp_entry_worms,
          guppyfry_snake_entry_island, gammafunk_ghost_arena
Lair:3:   layout_layer_cave, st_stairs_4, nicolae_quartered_pool_super,
          lemuel_fruit_tree, infiniplex_staircase_pool
Lair:4:   layout_regular_city, dpeg_slime_entry_corner
Lair:5:   hellmonk_lair_end_abyssal_woods, layout_big_grid, uniq_kirke,
          uniq_sonja
Swamp:1:  layout_basic_swamp, evilmike_swamp_ruin_rubble_1, swamp_pool3
Swamp:2:  nicolae_swamp_secret_spriggan_hideout, layout_falls_marsh,
          evilmike_swamp_ruin_rubble_2, swamp_pool2,
          nicolae_swamp_wisp_ring_woods
Swamp:3:  layout_falls_marsh, evilmike_swamp_ruin_house_2, swamp_pool2,
          hangedman_swamp_lotus

Skill      XL: |  1  2  3  4  5  6  7  8  9 10 11 12 13 14 15 16 |
---------------+-------------------------------------------------+-----
Spellcasting   | 5 6 7 8 9 10 11 12 | 12.4
Short Blades   | 1 2 3 5 6 7 8 9 10 11 | 11.4
Long Blades    | 1 2 3 5 6 7 8 9 10 11 | 11.4
Axes           | 1 2 3 5 6 7 8 9 10 11 | 11.4
Maces & Flails | 1 2 3 5 6 7 8 9 10 11 | 11.4
Staves         | 1 2 3 5 6 7 8 9 10 11 | 11.4
Ranged Weapons | 1 2 3 5 6 7 8 9 10 11 | 11.4
Stealth        | 1 2 3 5 6 7 8 9 10 11 | 11.4
Shields        | 1 2 3 5 6 7 8 9 10 11 | 11.4
Unarmed Combat | 1 2 3 5 6 7 8 9 10 11 | 11.4
Invocations    | 1 2 3 4 5 6 7 8 10 11 12 | 12.4
Evocations     | 1 2 3 5 6 7 8 9 10 11 | 11.4
Conjurations   | 1 2 3 4 5 6 7 8 9 |  9.6
Hexes          | 1 2 3 4 5 6 7 8 9 |  9.6
Summonings     | 1 2 3 4 5 6 7 8 9 |  9.6
Necromancy     | 1 2 3 4 5 6 7 8 9 |  9.6
Transmutations | 1 2 3 4 5 6 7 8 9 |  9.6
Fire Magic     | 1 2 3 4 5 6 7 8 9 |  9.6
Ice Magic      | 1 2 3 4 5 6 7 8 9 |  9.6
Air Magic      | 1 2 3 4 5 6 7 8 9 |  9.6
Earth Magic    | 1 2 3 4 5 6 7 8 9 |  9.6
Poison Magic   | 1 2 3 4 5 6 7 8 9 |  9.6
Throwing       | 3 4 5 6 7 8 9 10 11 | 11.7
Armour         | 3 4 5 6 7 8 9 10 11 | 11.7
Fighting       | 5 6 7 8 9 10 11 12 | 12.3
Polearms       | 5 6 7 8 9 10 11 12 | 12.3
Dodging        | 5 6 7 8 9 10 11 12 | 12.3
Translocations | 6 7 8 9 10 11 | 11.1

Action                   |  1- 3 |  4- 6 |  7- 9 | 10-12 | 13-15 | 16-18 || total
-------------------------+-------+-------+-------+-------+-------+-------++-------
Melee: Spear             |   113 |   100 |       |       |       |       ||   213
       Bite              |     7 |    29 |    59 |    86 |   242 |    55 ||   478
       Punch             |     1 |     1 |       |       |       |       ||     2
       Dagger            |       |   139 |   374 |   150 |       |       ||   663
       Trident           |       |       |     9 |       |       |       ||     9
       Short sword       |       |       |       |   684 |  1228 |   305 ||  2217
       Unarmed           |       |       |       |     2 |       |       ||     2
       Long sword        |       |       |       |       |   132 |    13 ||   145
Throw: Boomerang         |     7 |       |       |     6 |    31 |    21 ||    65
       Dart              |       |       |       |       |    50 |     3 ||    53
 Cast: Mephitic Cloud    |       |       |       |    12 |     1 |       ||    13
       Sticky Flame      |       |       |       |     8 |    42 |     2 ||    52
       Stone Arrow       |       |       |       |     7 |    29 |     8 ||    44
       Poisonous Vapours |       |       |       |     4 |    10 |       ||    14
       Swiftness         |       |       |       |     1 |       |       ||     1
       Flame Wave        |       |       |       |       |     8 |     1 ||     9
       Olgreb's Toxic Ra |       |       |       |       |     9 |     2 ||    11
       Blink             |       |       |       |       |     3 |     1 ||     4
Invok: Heroism           |       |       |     5 |    10 |    15 |     2 ||    32
       Finesse           |       |       |       |     1 |     2 |     1 ||     4
Evoke: Wand              |       |     2 |     2 |    23 |     9 |     2 ||    38
  Use: Scroll            |       |     6 |     4 |    11 |    19 |     3 ||    43
       Potion            |       |       |     1 |     6 |     3 |     2 ||    12
 Stab: Sleeping          |     9 |     7 |    12 |    14 |    23 |     2 ||    67
       Paralysed         |       |       |     5 |     6 |     2 |     1 ||    14
       Distracted        |       |       |     1 |     1 |     5 |     1 ||     8
       Confused          |       |       |       |     3 |     1 |       ||     4
       Invisible         |       |       |       |       |     4 |       ||     4
Armor: Leather armour    |    18 |       |       |       |       |       ||    18
       Ring mail         |       |    26 |    14 |       |       |       ||    40
       Steam dragon scal |       |       |    30 |    79 |    59 |       ||   168
       Skin              |       |       |       |     2 |       |       ||     2
       Chain mail        |       |       |       |       |   122 |    60 ||   182
Dodge: Dodged            |    27 |    96 |   270 |   411 |   708 |   190 ||  1702
Block: Other             |    11 |     8 |       |       |       |       ||    19
       Buckler           |       |    48 |   190 |   308 |   585 |       ||  1131
       Reflection        |       |       |       |     6 |    36 |     4 ||    46
       Kite shield       |       |       |       |       |    48 |   251 ||   299

Table legend: (Time is in decaauts)
 A = Elapsed time spent in this place.
 B = Non-inter-level travel time spent in this place.
 C = Inter-level travel time spent in this place.
 D = Time resting spent in this place.
 E = Time spent auto-exploring this place.
 F = Levels seen in this place.
 G = Mean time per level.
                   A        B        C        D        E       F      G
               +--------+--------+--------+--------+--------+-----+--------+
         Total |  30142 |  28834 |   1308 |   7159 |  15534 |  25 | 1205.7 |
       Dungeon |  18587 |  17646 |    941 |   3242 |  10373 |  15 | 1239.1 |
        Temple |    106 |     78 |     28 |      0 |     25 |   1 |  106.0 |
          Lair |   7628 |   7319 |    309 |   2264 |   3794 |   5 | 1525.6 |
         Swamp |   2542 |   2514 |     28 |    991 |   1051 |   3 |  847.3 |
      Gauntlet |   1277 |   1277 |      0 |    660 |    291 |   1 | 1277.0 |
               +--------+--------+--------+--------+--------+-----+--------+

Top non-repeatable levels by time:
  Lair:5: 2170 daAuts
    D:14: 1863 daAuts
  Lair:2: 1800 daAuts
     D:6: 1642 daAuts
    D:11: 1589 daAuts
    D:12: 1516 daAuts
    D:13: 1384 daAuts
     D:8: 1361 daAuts
  Lair:4: 1351 daAuts
 Swamp:1: 1342 daAuts
Gauntlet: 1277 daAuts
     D:2: 1205 daAuts
  Lair:3: 1177 daAuts
    D:15: 1150 daAuts
  Lair:1: 1128 daAuts
